 Dungeon Crawl Stone Soup version 0.31.0-12-g77e489cdc1 (webtiles) character file.

Game seed: 7756933946719260109

818 hawla the Trooper (level 7, -4/63 HPs)
             Began as a Minotaur Fighter on Feb 12, 2024.
             Was an Initiate of Yredelemnul.
             Slain by a troll (11 damage)
             ... on level 7 of the Dungeon.
             The game lasted 00:08:02 (3673 turns).

hawla the Trooper (Minotaur Fighter)                Turns: 3673, Time: 00:08:02

Health: -4/63      AC: 11    Str: 23    XL:     7   Next: 62%
Magic:  6/6        EV:  9    Int:  5    God:    Yredelemnul [......]
Gold:   146        SH:  5    Dex: 12    Spells: 6/6 levels left

rFire   . . .        e - +9 scimitar of a treasure trove {freeze, rCorr Dex+3 Stlth+}
rCold   . . .        c - +0 buckler
rNeg    . . .        o - +0 chain mail
rPois   .            (helmet restricted)
rElec   .            f - +1 cloak
rCorr   +            (no gloves)
SInv    .            (no boots)
Will    .....        (no amulet) Stlth
                     (no ring)
HPRegen 0.30/turn    (no ring)
MPRegen 0.10/turn

%: no passive effects
@: mighty
A: horns 2, retaliatory headbutt
a: Renounce Religion, Recall Undead Harvest


You were on level 7 of the Dungeon.
You worshipped Yredelemnul.
Yredelemnul was noncommittal.
You visited 2 branches of the dungeon, and saw 7 of its levels.

You collected 146 gold pieces.

Inventory:

Hand Weapons
 e - the +9 scimitar of a treasure trove (weapon) {freeze, rCorr Dex+3 Stlth+}
   (You acquired it on level 2 of the Dungeon)

   Dex+3:     It affects your dexterity (+3).
   rCorr:     It protects you from acid and corrosion.
   Stlth+:    It makes you more stealthy.
Missiles
 a - 15 poisoned darts (quivered)
Armour
 c - a +0 buckler (worn)
 f - a +1 cloak (worn)
 o - a +0 chain mail (worn)
Wands
 h - a wand of polymorph (4)
Scrolls
 b - a scroll of fear {unknown}
 j - 3 scrolls of teleportation {unknown}
 k - a scroll of poison
Potions
 d - a potion of might
 g - a potion of heal wounds {unknown}
 i - a potion of enlightenment {unknown}
 l - a potion of curing
 m - a potion of mutation {unknown}
 n - a potion of berserk rage {unknown}


   Skills:
 - Level 6.0 Fighting
 - Level 2.4 Axes
 + Level 5.7 Throwing
 - Level 3.6 Armour
 - Level 4.0 Dodging
 - Level 5.0 Shields


You had 6 spell levels left.
You didn't know any spells.
Your spell library was empty.

Dungeon Overview and Level Annotations

Branches:
Dungeon (5/15)             Temple (1/1) D:4

Altars:
Dithmenos
Fedhas
Kikubaaqudgha
Nemelex Xobeh
Ru
Trog
Uskayaw
Vehumet
Wu Jian
Xom
Yredelemnul
Zin
The Shining One

Shops:
D:4 *


Innate Abilities, Weirdness & Mutations

You have a pair of horns on your head.
You reflexively headbutt those who attack you in melee.


Message History

Your gnoll sergeant zombie is destroyed!
The troll bites your orc zombie!
Your orc zombie is destroyed!
Unknown command.
The troll attacks as it pursues you! The troll barely misses you.
The troll claws you! The troll barely misses you.
Your orc zombie hits the vampire but does no damage.
You barely miss the troll. You headbutt the troll.
The troll is lightly wounded.
The vampire hits your orc zombie. The vampire bites your orc zombie!
Your orc zombie is destroyed!
The troll bites you but does no damage. The troll claws you. x2
You slash the troll! You freeze the troll.
The troll is moderately wounded.
The troll bites you! The troll claws you!
The troll claws you but does no damage. The troll bites you but does no damage.
The troll claws you! x2
* * * LOW HITPOINT WARNING * * *
It was a potion of curing.
You feel better. The troll bites you!
* * * LOW HITPOINT WARNING * * *
The troll claws you.
* * * LOW HITPOINT WARNING * * *
You block the troll's attack.
You feel very mighty all of a sudden. The troll bites you but does no damage.
The troll closely misses you. The troll claws you but does no damage.
You slash the troll! You freeze the troll.
The troll is severely wounded.
The troll bites you.
* * * LOW HITPOINT WARNING * * *
The troll claws you.
* * * LOW HITPOINT WARNING * * *
The troll misses you.
You slash the troll! You freeze the troll.
The troll is almost dead.
The troll bites you.
* * * LOW HITPOINT WARNING * * *
You block the troll's attack. The troll claws you!
You die...
Your body rises from the dead as a mindless zombie.

#.# ##.. .. ..
#.###... #. .#
#.#.#Z. # #. Y#
##.##Z. #. #. D#
####.####. #.. #V
.# ##...Z...##
#..
#.#Y###..####...#
#..###D###..##
.... #..@TV....##
.... #####...###
.... ###........
.... #########
.... .... ....
####


You could see a troll, a vampire, an acid dragon and an ice beast.

Vanquished Creatures
  An ice beast (D:5)
  A phantom (D:4)
  A bullfrog (D:4)
  2 gnoll sergeants (D:7)
  2 bombardier beetles
  2 hounds (D:4)
  A sleepcap (D:4)
  A jelly (D:5)
  2 iguanas
  An orc wizard (D:4)
  11 adders
  2 ribbon worms
  A dart slug (D:4)
  11 orcs
  3 bats
  10 endoplasms
  4 giant cockroaches
  12 hobgoblins
  6 jackals
  3 quokkas
  3 ball pythons
  3 frilled lizards
  4 goblins
  12 kobolds
  8 rats
107 creatures vanquished.

Vanquished Creatures (others)
  A gnoll zombie (D:7)
  3 orc zombies (D:7)
4 creatures vanquished.

Grand Total: 111 creatures vanquished

Notes
Turn   | Place    | Note
-------+----------+-------------------------------------------
     0 | D:1      | hawla the Minotaur Fighter began the quest for the Orb.
     0 | D:1      | Reached XP level 1. HP: 19/19 MP: 0/0
    83 | D:1      | Reached skill level 1 in Dodging
   143 | D:1      | Found a faded altar of an unknown god.
   148 | D:1      | Reached XP level 2. HP: 26/26 MP: 1/1
   489 | D:1      | Reached XP level 3. HP: 31/31 MP: 2/2
   703 | D:2      | Identified a scroll of acquirement
   703 | D:2      | Acquired the +9 scimitar of a treasure trove {freeze, rCorr
                  | Dex+3 Stlth+}
   914 | D:2      | Reached XP level 4. HP: 39/39 MP: 3/3
  1434 | D:3      | Reached skill level 5 in Shields
  1527 | D:3      | Reached XP level 5. HP: 46/46 MP: 4/4
  1560 | D:3      | Reached skill level 4 in Fighting
  1803 | D:3      | Found a bloodstained altar of Trog.
  2040 | D:4      | Found a glowing golden altar of the Shining One.
  2044 | D:4      | Reached skill level 5 in Fighting
  2045 | D:4      | Found an ancient bone altar of Kikubaaqudgha.
  2046 | D:4      | Noticed a phantom
  2054 | D:4      | Killed a phantom
  2055 | D:4      | Reached skill level 6 in Fighting
  2055 | D:4      | Reached XP level 6. HP: 52/57 MP: 5/5
  2178 | D:4      | Found a staircase to the Ecumenical Temple.
  2185 | D:4      | Reached skill level 1 in Throwing
  2195 | Temple   | Entered the Ecumenical Temple
  2224 | Temple   | Became a worshipper of Yredelemnul the Dark
  2531 | D:4      | Found Hourghach's Neck Hole.
  2581 | D:4      | Reached * piety under Yredelemnul
  2807 | D:4      | Reached XP level 7. HP: 63/63 MP: 6/6
  3201 | D:5      | Entered Level 5 of the Dungeon
  3225 | D:5      | Reached skill level 5 in Throwing
  3312 | D:5      | You fall into a shaft and drop 2 floors!
  3562 | D:7      | Found a glowing golden altar of the Shining One.
  3564 | D:7      | Found a glowing golden altar of the Shining One.
  3564 | D:7      | Found a sacrificial altar of Ru.
  3564 | D:7      | Found a blossoming altar of Fedhas.
  3659 | D:7      | Noticed a vampire
  3659 | D:7      | Noticed a troll
  3659 | D:7      | Noticed a manticore
  3673 | D:7      | Slain by a troll

Illustrated notes

Levels and vault maps discovered:
D:1:      mainiacjoe_arrival_oval_in_oval, layout_loops_ring,
          dreamdust_ecumenical_altar_angels_and_demons
D:2:      minmay_kobold_bridge, layout_rooms, nrook_mini_vaults,
          minmay_tiny_reverse_x
D:3:      layout_loops_ring, lightli_temple_of_fire
D:4:      layout_basic, grunt_temple_overflow_open,
          minmay_temple_entry_butterflies, ebering_dispersal_statue_hall,
          nicolae_shop_sticking_my_neck_out
D:5:      layout_loops_ring, serial_shops, kennysheep_mini_moat, shop,
          nicolae_shop_trees, nicolae_shop_tiny_real_fake_doors, st_stairs_11,
          minmay_misc_feat_columns, nicolae_inconvenience_store, uniq_duvessa
D:7:      minmay_the_grid_octo_tiled_octocenter [minmay_the_grid_octo_shrine,
          minmay_the_grid_octo_chip, minmay_the_grid_octo_teeth,
          minmay_the_grid_octo_horde, minmay_the_grid_octo_prize_big_c,
          minmay_the_grid_square_5x5_intrusive_squares,
          minmay_the_grid_square_5x5_minimal, minmay_the_grid_square_5x5_three,
          minmay_the_grid_square_5x5_tetrominoes], layout_gridville,
          lemuel_round_altar, uniq_maggie
Temple:   eino_wide_crystal_templ

Skill      XL: |  1  2  3  4  5  6  7 |
---------------+----------------------+-----
Dodging        | 1 3 4 |  4.0
Shields        | 5 |  5.0
Fighting       | 6 |  6.0
Throwing       | 3 5 |  5.7
Axes           | |  2.4
Armour         | |  3.6

Action                     |  1- 3 |  4- 6 |  7- 9 || total
---------------------------+-------+-------+-------++-------
  Melee: War axe           |    41 |       |       ||    41
         Headbutt          |     4 |    11 |     7 ||    22
         Scimitar          |    16 |    97 |    36 ||   149
    Use: Scroll            |     1 |     3 |       ||     4
         Potion            |       |       |     3 ||     3
 Armour: Scale mail        |    26 |    50 |     1 ||    77
         Chain mail        |       |       |    41 ||    41
         Skin              |       |       |     6 ||     6
  Dodge: Dodged            |    37 |    41 |    13 ||    91
  Block: Buckler           |    10 |    22 |    15 ||    47
